 Dungeon Crawl Stone Soup version 0.32-a0-834-geaf45d8e21 (webtiles) character file.

Game seed: 12358626644881392662

6080 smashvw the Eclecticist (level 10, -5/50 HPs)
             Began as a Deep Elf Conjurer on Mar 25, 2024.
             Was a Believer of Sif Muna.
             Slain by a gnoll
             ... wielding a +0 spear
             ... led by a gnoll sergeant
              (6 damage)
             ... on level 9 of the Dungeon.
             The game lasted 00:32:43 (9315 turns).

smashvw the Eclecticist (Deep Elf Conjurer)         Turns: 9315, Time: 00:32:44

Health: -5/50      AC:  7    Str:  4    XL:     10   Next: 58%
Magic:  24/31      EV: 13    Int: 33    God:    Sif Muna [**....]
Gold:   423        SH:  0    Dex: 13    Spells: 22/39 levels left

rFire   + . .        y - +1 dagger (venom)
rCold   x . .        (no shield)
rNeg    . . .        a - +0 robe
rPois   .            f - +1 helmet
rElec   +            (no cloak)
rCorr   .            g - +0 pair of gloves
SInv    .            n - +1 pair of boots of Inquiry {rElec Int+5}
Will    +....        C - amulet of regeneration
Stlth   ++           q - ring of fire
HPRegen 1.08/turn    (no ring)
MPRegen 0.22/turn

%: no passive effects
@: no status effects
A: no striking features
a: Renounce Religion, Channel Magic


You were on level 9 of the Dungeon.
You worshipped Sif Muna.
Sif Muna was pleased with you.
You visited 2 branches of the dungeon, and saw 10 of its levels.
You also visited: Bailey.

You collected 423 gold pieces.

Inventory:

Hand Weapons
 y - a +1 dagger of venom (weapon)
Armour
 a - a +0 robe (worn)
 f - a +1 helmet (worn)
 g - a +0 pair of gloves (worn)
 m - the +2 pair of boots "Idofoyj" {Will++}
   (You found it on level 2 of the Dungeon)

   Will++:    It greatly increases your willpower.
 n - the +1 pair of boots of Inquiry (worn) {rElec Int+5}
   (You found it on level 2 of the Dungeon)

   Int+5:     It affects your intelligence (+5).
   rElec:     It insulates you from electricity.
Jewellery
 q - a ring of fire (left hand)
 C - an amulet of regeneration (around neck)
 E - a ring of poison resistance
Wands
 h - a wand of digging (4)
 F - a wand of flame (28)
Scrolls
 c - 3 scrolls of fog
 k - 3 scrolls of amnesia
 o - 2 scrolls of poison
 p - a scroll of brand weapon
 v - 4 scrolls of silence
 w - 2 scrolls of vulnerability
 x - 2 scrolls of teleportation
 B - a scroll of identify
Potions
 b - a potion of magic
 d - 4 potions of curing
 e - a potion of lignification
 j - a potion of enlightenment
 l - 3 potions of haste
 r - 4 potions of attraction
 t - a potion of cancellation
 u - a potion of might {unknown}
 z - a potion of heal wounds {unknown}
 A - a potion of brilliance {unknown}


   Skills:
 - Level 5.0 Dodging
 - Level 2.4 Stealth
 + Level 15.2 Spellcasting
 + Level 10.8 Conjurations
 - Level 2.0 Translocations
 - Level 5.0 Earth Magic


You had 22 spell levels left.
You knew the following spells:

 Your Spells              Type           Power      Damage    Failure   Level
a - Magic Dart            Conj           100%       1d8       1%          1
b - Searing Ray           Conj           100%       2d8       1%          2
c - Iskenderun's Mystic   Conj/Tloc      61%        2d13      1%          4
d - Fulminant Prism       Conj/Alch      28%        3d13      1%          4
e - Bombard               Conj/Erth      33%        9d6       10%         6

Your spell library contained the following spells:

 Spells                   Type           Power      Damage    Failure   Level
 Passwall                 Erth           55%        N/A       1%          3
 Volatile Blastmotes      Fire/Tloc      94%        2d17      3%          3
 Arcjolt                  Conj/Air       28%        1d38      4%          5
 Vhi's Electric Charge    Tloc/Air       62%        N/A       11%         4
 Plasma Beam              Fire/Air       18%        2x1d30    95%         6


Dungeon Overview and Level Annotations

Branches:
Dungeon (9/15)             Temple (1/1) D:7          Bailey (visited)
   Lair: D:8-11         Orc: D:9-12

Altars:
Ashenzari
Dithmenos
Elyvilon
Fedhas
Gozag
Hepliaklqana
Kikubaaqudgha
Makhleb
Nemelex Xobeh
Okawaru
Qazlal
Ru
Sif Muna
Trog
Uskayaw
Xom
Yredelemnul
Zin
The Shining One

Shops:
D:4 *

Annotations:
D:3 1 runed translucent door, Crazy Yiuf
D:7 3 runed translucent doors, adelrune's ghost, novice DsGl
D:9 Maurice


Message History

You are no longer poisoned.
There is a stone staircase leading down here.
You start resting.
HP restored.
You start resting.
Magic restored.
You climb downwards.
Level annotation: Maurice Maurice zaps a wand.
The puff of flame hits you. You resist.
There is a stone staircase leading up, spattered with blood here.
Casting: Fulminant Prism (dangerous; 1% risk of failure)
Confirm with . or Enter, or press ? or * to list all spells.
You erupt in a blast of force!
The mystic blast hits Maurice!
Maurice is lightly wounded.
Maurice is knocked back by the mystic blast.
Casting: Iskenderun's Mystic Blast (dangerous; 1% risk of failure)
Confirm with . or Enter, or press ? or * to list all spells.
Aiming: Fulminant Prism (dangerous; 1% risk of failure)
Press: ? - help, Dir - move target You conjure a prism of explosive energy!
A fulminant prism comes into view.
Maurice picks up a +0 buckler.
Maurice wears a +0 buckler.
A centaur comes into view.
The gnoll hits you from afar with a +0 spear.
Your fulminant prism crackles loudly.
The gnoll barely misses you.
Your fulminant prism explodes!
The blast of energy engulfs you!!!
Ouch! That really hurt!
* * * LOW HITPOINT WARNING * * *
The blast of energy engulfs Maurice!!
Maurice is heavily wounded.
The centaur shouts!
You hear a shout!
You hear a bark!
The centaur wields a +0 shortbow.
The centaur shoots an arrow.
The arrow misses you.
Maurice hits you from afar with a +0 spear!
* * * LOW HITPOINT WARNING * * *
Maurice steals 52 gold pieces!
You now have 423 gold pieces.
The gnoll hits you from afar with a +0 spear.
You die...

...... #.##
#.....
......#....
.......
.......#...
#.......
#......#..
.......#
#........#
.........#
......).g#
#.....[?#
..c....)@#
........[÷#
..###.....f.
. #...)..)..
#...÷...[.#
#..#)....##
..........
.###........


You could see Maurice, a centaur and a gnoll.

Vanquished Creatures
  A two-headed ogre (D:6)
  Pikel (D:7)
  Maggie (D:7)
  A komodo dragon (D:7)
  A troll (D:7)
  Prince Ribbit (D:7)
  An unseen horror simulacrum (D:8)
  A wyvern (D:6)
  A yak (D:8)
  2 water moccasins
  2 ice beasts (D:8)
  2 orc warriors
  An ogre (D:4)
  2 black bears (D:5)
  6 wolves
  2 centaurs
  3 lemures (D:7)
  A kobold brigand (D:7)
  A bullfrog (D:8)
  4 gnoll sergeants
  2 jellies (D:5)
  A scorpion (D:4)
  3 wights (D:8)
  4 killer bees (D:8)
  An electric eel (D:8)
  3 howler monkeys (D:9)
  3 bombardier beetles
  7 hounds
  2 orc priests
  6 gnoll boudas
  A sleepcap (D:8)
  5 orc wizards
  A killer bee simulacrum (D:8)
  26 gnolls
  6 adders
  A shadow imp (D:8)
  2 white imps
  A howler monkey simulacrum (D:8)
  2 ufetubi (D:6)
  2 ribbon worms
  2 dart slugs
  11 orcs
  8 endoplasms
  3 giant cockroaches
  12 goblins
  7 hobgoblins
  3 jackals (D:1)
  10 kobolds
  4 quokkas
  2 ball pythons
  6 bats
  A frilled lizard (D:1)
  11 rats
194 creatures vanquished.

Vanquished Creatures (others)
  51 fulminant prisms
51 creatures vanquished.

Grand Total: 245 creatures vanquished

Notes
Turn   | Place    | Note
-------+----------+-------------------------------------------
     0 | D:1      | smashvw the Deep Elf Conjurer began the quest for the Orb.
     0 | D:1      | Reached XP level 1. HP: 10/10 MP: 6/6
   124 | D:1      | Reached XP level 2. HP: 15/15 MP: 0/8
   356 | D:1      | Reached skill level 4 in Spellcasting
   435 | D:1      | Found a faded altar of an unknown god.
   479 | D:1      | Reached skill level 5 in Conjurations
   479 | D:1      | Reached XP level 3. HP: 19/19 MP: 7/10
  1545 | D:2      | Learned a level 2 spell: Searing Ray
  1776 | D:2      | Identified the +2 pair of boots "Idofoyj" {Will++}
  1889 | D:2      | Identified the +1 pair of boots of Inquiry {rElec Int+5}
  1987 | D:2      | Reached XP level 4. HP: 24/24 MP: 3/12
  2116 | D:2      | Learned a level 4 spell: Iskenderun's Mystic Blast
  2737 | D:3      | Reached skill level 5 in Spellcasting
  2737 | D:3      | Reached skill level 1 in Translocations
  2825 | D:3      | Reached XP level 5. HP: 28/28 MP: 10/14
  2903 | D:3      | Learned a level 4 spell: Fulminant Prism
  3142 | D:3      | Found a runed translucent door.
  3143 | D:3      | Noticed Crazy Yiuf
  3192 | D:4      | Found Zin's Purification Station.
  3196 | D:4      | Found a glowing silver altar of Zin.
  3251 | D:4      | Noticed an ogre
  3256 | D:4      | Killed an ogre
  3462 | D:4      | Reached skill level 6 in Spellcasting
  3462 | D:4      | Reached XP level 6. HP: 32/32 MP: 10/17
  3949 | D:5      | Entered Level 5 of the Dungeon
  4112 | D:5      | Reached skill level 7 in Spellcasting
  4112 | D:5      | Reached XP level 7. HP: 36/36 MP: 7/19
  4693 | D:5      | Reached skill level 8 in Spellcasting
  5174 | D:6      | Noticed a two-headed ogre
  5209 | D:6      | Killed a two-headed ogre
  5210 | D:6      | Reached skill level 10 in Spellcasting
  5210 | D:6      | Reached XP level 8. HP: 27/41 MP: 1/24
  5483 | D:6      | Reached skill level 11 in Spellcasting
  6293 | D:7      | Noticed Pikel
  6294 | D:7      | Noticed Maggie
  6309 | D:7      | Killed Pikel
  6310 | D:7      | Reached skill level 5 in Dodging
  6310 | D:7      | Reached skill level 12 in Spellcasting
  6310 | D:7      | Reached XP level 9. HP: 40/45 MP: 14/27
  6313 | D:7      | Killed Maggie
  6425 | D:7      | Noticed Prince Ribbit
  6432 | D:7      | Reached skill level 13 in Spellcasting
  6434 | D:7      | Killed Prince Ribbit
  6550 | D:6      | Learned a level 6 spell: Bombard
  6675 | D:7      | Noticed a troll
  6682 | D:7      | Killed a troll
  6683 | D:7      | Reached skill level 1 in Earth Magic
  6936 | D:7      | Noticed a komodo dragon
  6950 | D:7      | Killed a komodo dragon
  6951 | D:7      | Reached skill level 14 in Spellcasting
  7038 | D:7      | Found a staircase to the Ecumenical Temple.
  7050 | Temple   | Entered the Ecumenical Temple
  7087 | Temple   | Became a worshipper of Sif Muna the Loreminder
  7455 | D:7      | Found a runed translucent gate.
  7455 | D:7      | Found a runed translucent gate.
  7455 | D:7      | Found a runed translucent gate.
  7458 | D:7      | Noticed adelrune's ghost (novice DsGl)
  7719 | D:8      | Reached XP level 10. HP: 50/50 MP: 22/30
  8101 | D:8      | Reached skill level 10 in Conjurations
  8328 | D:8      | Found a flagged portal.
  8337 | Bailey   | Entered a bailey
  8384 | Bailey   | Reached * piety under Sif Muna
  8488 | Bailey   | Reached skill level 5 in Earth Magic
  8937 | D:9      | Reached skill level 15 in Spellcasting
  8963 | D:9      | Noticed a two-headed ogre
  9233 | D:9      | Reached ** piety under Sif Muna
  9235 | D:9      | Noticed Maurice
  9238 | D:9      | Maurice stole a talisman of death
  9239 | D:9      | Maurice stole a +4 ring of slaying
  9315 | D:9      | HP: 1/50 [Maurice/+0 spear (8)]
  9315 | D:9      | Maurice stole 52 gold
  9315 | D:9      | Slain by a gnoll

Illustrated notes

Levels and vault maps discovered:
D:1:      dpeg_arrival_erosion, layout_basic, nicolae_ecumenical_lake_church,
          chequers_serial_rivers_room_b, minmay_crystal_room,
          columned_hall_lemuel, palyth_stone_intersect, minmay_misc_feat_square,
          minmay_pentomino_w2
D:2:      minmay_spotlight, layout_loops_ring
D:3:      layout_rooms, kennysheep_donut, uniq_crazy_yiuf_cottage
D:4:      cheibrodos_quashed, layout_rooms, zin_purify,
          nicolae_concentric_dashed_squares_wild, cheibrodos_gnoll_hut
D:5:      layout_gridville, nicolae_concentric_dashed_squares_mild
D:6:      hellmonk_destroyed_diamonds, layout_loops_ring
D:7:      layout_loops_cross, minmay_temple_entry_stoned_glass,
          ebering_ghost_rock_garden, chequers_jeans, uniq_prince_ribbit1,
          uniq_pikel, uniq_maggie
D:8:      layout_cave_pools, enter_bailey_6, serial_ice, serial_ice_n,
          serial_ice_a, serial_ice_c, serial_ice_k, serial_ice_e, serial_ice_m
D:9:      layout_cave_pools, lemuel_doored_altar, lair_entry_dummy, orc_0_dummy,
          serial_gnoll_camp, grums_kennel, gnoll_camp_mini_doghouse,
          gnoll_camp_mini_doghouse, gnoll_camp_mini_hut, gnoll_camp_mini_shop,
          uniq_maurice
Temple:   dpeg_five_rooms_temple

Skill      XL: |  1  2  3  4  5  6  7  8  9 10 |
---------------+-------------------------------+-----
Spellcasting   | 4 5 6 7 10 12 14 15 | 15.2
Conjurations   | 5 6 7 9 10 | 10.8
Translocations | 1 2 |  2.0
Dodging        | 5 |  5.0
Earth Magic    | 3 5 |  5.0
Stealth        | |  2.4

Action                     |  1- 3 |  4- 6 |  7- 9 | 10-12 || total
---------------------------+-------+-------+-------+-------++-------
  Melee: Unarmed           |     1 |       |       |       ||     1
         Dagger            |       |       |     9 |    10 ||    19
   Cast: Magic Dart        |    89 |    59 |    66 |    47 ||   261
         Searing Ray       |     1 |     8 |    23 |    14 ||    46
         Fulminant Prism   |       |     5 |    22 |    24 ||    51
         Iskenderun's Myst |       |       |    13 |     8 ||    21
         Bombard           |       |       |       |     3 ||     3
    Use: Scroll            |       |       |    14 |     2 ||    16
         Potion            |       |       |     2 |     4 ||     6
 Armour: Robe              |     3 |    20 |    60 |    58 ||   141
  Dodge: Dodged            |     3 |    15 |    43 |    56 ||   117

Table legend: (Time is in decaauts)
 A = Elapsed time spent in this place.
 B = Non-inter-level travel time spent in this place.
 C = Inter-level travel time spent in this place.
 D = Time resting spent in this place.
 E = Time spent auto-exploring this place.
 F = Levels seen in this place.
 G = Mean time per level.
                   A        B        C        D        E       F      G
               +--------+--------+--------+--------+--------+-----+--------+
         Total |   9323 |   8966 |    357 |    780 |   6970 |  11 |  847.5 |
       Dungeon |   9083 |   8796 |    287 |    751 |   6930 |   9 | 1009.2 |
        Temple |     72 |      2 |     70 |      0 |      0 |   1 |   72.0 |
        Bailey |    167 |    167 |      0 |     29 |     40 |   1 |  167.0 |
               +--------+--------+--------+--------+--------+-----+--------+

Top non-repeatable levels by time:
     D:1: 1461 daAuts
     D:8: 1361 daAuts
     D:6: 1299 daAuts
     D:7: 1294 daAuts
     D:5: 1078 daAuts
     D:2: 954 daAuts
     D:4: 773 daAuts
     D:3: 762 daAuts
  Bailey: 167 daAuts
     D:9: 96 daAuts
  Temple: 72 daAuts
